 Dungeon Crawl Stone Soup version 0.31-a0-851-g7ff8af7976 (webtiles) character file.

Game seed: 15828443824496014226

59 Shayle the Conjurer (level 3, -1/24 (28) HPs)
             Began as a Demonspawn Reaver on Oct 5, 2023.
             Constricted to death by Ijyb (3 damage)
             ... on level 3 of the Dungeon.
             The game lasted 00:05:46 (1922 turns).

Shayle the Conjurer (Demonspawn Reaver)             Turns: 1922, Time: 00:05:47

HP:   -1/24 (28)    AC:  5    Str: 12    XL:     3   Next: 78%
MP:   6/6           EV:  7    Int: 18    God:
Gold: 131           SH:  0    Dex: 11    Spells: 3/7 levels left

rFire   . . .        s - +0 whip (drain)
rCold   . . .        (no shield)
rNeg    . . .        j - +0 ring mail
rPois   .            (no helmet)
rElec   .            (no cloak)
rCorr   .            (no gloves)
SInv    .            (no boots)
Will    .....        (no amulet)
Stlth   +            (no ring)
HPRegen 0.24/turn    (no ring)
MPRegen 0.10/turn

%: no passive effects
@: grasped by roots, constricted, heavily drained
A: big brain 1, demonic touch 1
a: no special abilities


You were on level 3 of the Dungeon.
You visited 1 branch of the dungeon, and saw 3 of its levels.

You collected 131 gold pieces.

Inventory:

Hand Weapons
 a - a +0 spear
 o - a +3 dagger
 s - a +0 whip of draining (weapon)
Armour
 b - a +0 leather armour
 j - a +0 ring mail (worn)
Jewellery
 l - an amulet of regeneration
 r - the ring of Hyeh {Wiz rF+ Int+3}
   (You found it on level 3 of the Dungeon)

   [ring of wizardry]

   Wiz:       It improves your spell success rate.
   Int+3:     It affects your intelligence (+3).
   rF+:       It protects you from fire.
Scrolls
 e - 3 scrolls of blinking
 f - 2 scrolls of teleportation
 g - a scroll of enchant armour {unknown}
 h - a scroll of torment {unknown}
 i - a scroll of fear {unknown}
 n - a scroll of brand weapon {unknown}
 q - a scroll of vulnerability {unknown}
Potions
 c - a potion of attraction {unknown}
 d - 2 potions of magic
 k - a potion of degeneration {unknown}
 m - a potion of curing {unknown}
 p - a potion of might {unknown}


   Skills:
 + Level 2.7 Fighting
 - Level 2.6 Polearms
 + Level 1.3 Armour
 - Level 1.7 Dodging
 + Level 2.5 Spellcasting
 + Level 3.0 Conjurations
 + Level 1.6 Necromancy
 + Level 0.0 Air Magic
 + Level 0.0 Poison Magic


You had 3 spell levels left.
You knew the following spells:

 Your Spells              Type           Power      Damage    Failure   Level
a - Kiss of Death         Conj/Necr      40%        2d8       14%         1
b - Mephitic Cloud        Conj/Pois/Air  5%         N/A       58%         3

Your spell library contained the following spells:

 Spells                   Type           Power      Damage    Failure   Level
 Momentum Strike          Conj/Tloc      14%        3d8       30%         2
 Poisonous Vapours        Pois/Air       4%         N/A       50%         2
 Hailstorm                Conj/Ice       7%         3d4       52%         3
 Ozocubu's Armour         Ice            2%         N/A       75%         3
 Freezing Cloud           Conj/Ice/Air   2%         6-21      100%        5
 Ozocubu's Refrigeration  Ice            1%         4d7       100%        7


Dungeon Overview and Level Annotations

Branches:
Dungeon (3/15)

Altars:

Annotations:
D:3 Ijyb


Innate Abilities, Weirdness & Mutations

You have an unusually large brain. (Int +2)
Your touch may inflict minor irresistible damage on your foes.


Message History

s - a +0 whip of draining (weapon)
Blink to where?
Press: ? - help, Dir - move target, f - you
Okay, then.
As you read the scroll labelled POISSIPTOU, it crumbles to dust.
It was a scroll of blinking.
As you read the scroll labelled LAALOE KIGATA, it crumbles to dust.
You feel strangely unstable.
It was a scroll of teleportation.
You open the door.
Your surroundings suddenly seem different.
You open the door.
There is an open door here.
There is an open door here.
Ijyb the Twisted Goblin comes into view.
She is wielding a +4 dagger and carrying a wand of roots.
Ijyb shouts!
Ijyb hits you with a +4 dagger.
You hit Ijyb but do no damage. Your touch misses Ijyb. Ijyb barely misses you.
You closely miss Ijyb. You punch Ijyb.
Ijyb is lightly wounded.
Ijyb hits you with a +4 dagger.
You barely miss Ijyb. Your touch misses Ijyb.
Ijyb is lightly wounded.
Ijyb screams, "No!
No, no, no, no!"
Ijyb closely misses you.
You hit Ijyb. You drain Ijyb. Your touch misses Ijyb.
Ijyb is moderately wounded.
Ijyb hits you with a +4 dagger.
* * * LOW HITPOINT WARNING * * *
You closely miss Ijyb.
Ijyb is moderately wounded.
Ijyb zaps a wand.
The roots erupt in riotous growth!
The grasping roots grab you!
Ijyb is unaffected.
The grasping roots constrict you.
* * * LOW HITPOINT WARNING * * *
Unknown command.
It was a potion of magic.
Magic courses through your body. Ijyb hits you with a +4 dagger.
* * * LOW HITPOINT WARNING * * *
The grasping roots constrict you.
You die...

#.....### #.
##.....# #.
#.####...## #.
#........# #.
#######.## #. #.#
#.####### ##'##
#.g.....# ##...##
##.@####.# ##†....##
#...#.##.###.......#
#.#....#.##.........
#.........'.........
##.....#.##.........
#.......###.......#
###.##### ##.....##
#.# ##...## #.#
##+##


You could see Ijyb (very drained).

Vanquished Creatures
  An adder (D:2)
  3 dart slugs (D:2)
  7 ball pythons
  5 endoplasms
  A giant cockroach (D:2)
  4 goblins
  4 hobgoblins
  3 jackals (D:1)
  2 quokkas (D:1)
  2 bats (D:1)
  2 frilled lizards (D:2)
  4 kobolds
  2 rats
40 creatures vanquished.

Notes
Turn   | Place    | Note
-------+----------+-------------------------------------------
     0 | D:1      | Shayle the Demonspawn Reaver began the quest for the Orb.
     0 | D:1      | Reached XP level 1. HP: 16/16 MP: 3/3
   192 | D:1      | Gained mutation: Your touch may inflict minor irresistible
                  | damage on your foes. [demonic ancestry]
   192 | D:1      | Reached XP level 2. HP: 22/22 MP: 5/5
   418 | D:1      | Reached skill level 1 in Necromancy
   880 | D:2      | Reached skill level 1 in Armour
   883 | D:2      | Gained mutation: You have an unusually large brain. (Int
                  | +2) [demonic ancestry]
   883 | D:2      | Reached XP level 3. HP: 28/28 MP: 6/6
  1715 | D:3      | Learned a level 3 spell: Mephitic Cloud
  1834 | D:3      | Identified the ring of Hyeh {Wiz rF+ Int+3}
  1914 | D:3      | Noticed Ijyb
  1922 | D:3      | Constricted to death by Ijyb

Illustrated notes

Levels and vault maps discovered:
D:1:      onia_arrival_mini_spirals, layout_loops_ring,
          chequers_decorated_corner, chequers_serial_rivers_room_a
D:2:      layout_basic, serial_curves, eino_curves_04, eino_curves_04,
          eino_curves_02, roderic_serpentine_path, minmay_heptomino_o4
D:3:      layout_loops_corners, kennysheep_generic_room_3, uniq_ijyb,
          uniq_jessica

Skill      XL: |  1  2 |
---------------+-------+-----
Necromancy     | 1 |  1.6
Armour         | 1 |  1.3
Fighting       | |  2.7
Polearms       | |  2.6
Dodging        | |  1.7
Spellcasting   | |  2.5
Conjurations   | |  3.0

Action                     || total
---------------------------++-------
  Melee: Spear             ||   107
         Touch             ||    20
         Whip              ||     5
         Punch             ||     1
    Use: Scroll            ||     2
         Potion            ||     1
   Stab: Sleeping          ||     1
 Armour: Leather armour    ||    23
         Ring mail         ||    32
  Dodge: Dodged            ||    52

Table legend: (Time is in decaauts)
 A = Elapsed time spent in this place.
 B = Non-inter-level travel time spent in this place.
 C = Inter-level travel time spent in this place.
 D = Time resting spent in this place.
 E = Time spent auto-exploring this place.
 F = Levels seen in this place.
 G = Mean time per level.
                   A        B        C        D        E       F      G
               +--------+--------+--------+--------+--------+-----+--------+
         Total |   1917 |   1783 |    134 |      0 |   1383 |   3 |  639.0 |
       Dungeon |   1917 |   1783 |    134 |      0 |   1383 |   3 |  639.0 |
               +--------+--------+--------+--------+--------+-----+--------+

Top non-repeatable levels by time:
     D:1: 872 daAuts
     D:2: 827 daAuts
     D:3: 217 daAuts
